 Dungeon Crawl Stone Soup version 0.31-a0-1291-g5386780bc2 (webtiles) character file.

Game seed: 9382507297642834780

1619753 seandewar5 the Acrobat (level 27, 249/249 HPs)
             Began as a Vampire Gladiator on Dec 18, 2023.
             Was a High Priest of Ashenzari.
             Escaped with the Orb
             ... and 3 runes!
             The game lasted 06:06:50 (76057 turns).

seandewar5 the Acrobat (Vampire Gladiator)         Turns: 76057, Time: 06:06:51

Health: 249/249    AC: 32    Str: 12    XL:     27
Magic:  21/21      EV: 36    Int: 18    God:    Ashenzari [*****.]
Gold:   3052       SH: 34    Dex: 29    Spells: 27/27 levels left

rFire   + . .        a - +2 Maxwell's thermic engine {flame, freeze, rev, Range, Bglg} (curse)
rCold   + . .        B - +6 tower shield {rC+}
rNeg    . . .        W - quicksilver dragon scales "Celestial Paranoia" {Will+, Melee, Fort} (curse)
rPois   +            o - +2 hat "Ruined With Me" {Fort, Melee} (curse)
rElec   .            Y - +2 cloak of Ashenzari's Dismay {Stlth+, Self, Melee} (curse)
rCorr   +            R - +2 pair of gloves of the Fated Repose {Cun, Melee} (curse)
SInv    +            C - +2 pair of boots "Cursed Together" {Comp, Melee} (curse)
Will    ++++.        I - amulet "Annoyance of Ashenzari" {Regen+, Fort, Self} (curse)
Stlth   ++++         z - ring "Prophetic Levity" {rF+ Slay+3, Fort, Self} (curse)
HPRegen 1.61/turn    s - ring of Ashenzari's Soothsayer {rPois rCorr Str-4 Dex+8 SInv, Self, Melee} (curse)
MPRegen 0.17/turn

%: clarity
@: healing quickly, studying 2 skills
A: alive, fangs 3, see invisible, vampiric 2, antennae 1, clever 1, clumsy 1,
low MP 1, strong-willed 1, mutation resistance 1, screaming 1, strong 1
0: Orb of Zot
}: 3/15 runes: decaying, serpentine, silver
a: Exsanguinate, Renounce Religion, Shatter the Chains


You escaped.
You worshipped Ashenzari.
Ashenzari was extremely pleased with you.
You visited 11 branches of the dungeon, and saw 51 of its levels.
You visited 2 bazaars.
You also visited: Bailey, Gauntlet and Ice Cave.

You collected 7785 gold pieces.
You spent 4733 gold pieces at shops.

Inventory:

Hand Weapons
 a - the cursed +2 Maxwell's thermic engine (weapon) {flame, freeze, rev, Range, Bglg}
   (You found it on level 2 of the Depths)

   It has a curse which improves the following skills: Ranged Combat: Ranged
   Weapons and Throwing.
   Beguiling: Conjurations, Hexes and Translocations.
 b - a +7 heavy quick blade
 f - a +7 demon blade of electrocution
Missiles
 d - 3 throwing nets (quivered)
 w - 14 curare-tipped darts
Armour
 o - the cursed +2 hat "Ruined With Me" (worn) {Fort, Melee}
   (You found it in a Gauntlet)

   It has a curse which improves the following skills: Fortitude: Armour and
   Shields.
   Melee Combat: Short Blades, Long Blades, Axes, Maces & Flails, Polearms,
   Staves and Unarmed Combat.
 B - a +6 tower shield of cold resistance (worn)
 C - the cursed +2 pair of boots "Cursed Together" (worn) {Comp, Melee}
   (You bought it in a shop on level 1 of the Dungeon)

   It has a curse which improves the following skills: Companions: Summonings
   and Necromancy.
   Melee Combat: Short Blades, Long Blades, Axes, Maces & Flails, Polearms,
   Staves and Unarmed Combat.
 R - the cursed +2 pair of gloves of the Fated Repose (worn) {Cun, Melee}
   (You found it on level 7 of the Dungeon)

   It has a curse which improves the following skills: Cunning: Dodging and
   Stealth.
   Melee Combat: Short Blades, Long Blades, Axes, Maces & Flails, Polearms,
   Staves and Unarmed Combat.
 W - the cursed quicksilver dragon scales "Celestial Paranoia" (worn) {Will+, Melee, Fort}
   (You found it on level 1 of the Realm of Zot)

   Will+:     It increases your willpower.
   It has a curse which improves the following skills: Melee Combat: Short
   Blades, Long Blades, Axes, Maces & Flails, Polearms, Staves and Unarmed
   Combat.
   Fortitude: Armour and Shields.
 Y - the cursed +2 cloak of Ashenzari's Dismay (worn) {Stlth+, Self, Melee}
   (You found it in a Gauntlet)

   It has a curse which improves the following skills: Introspection: Fighting
   and Spellcasting.
   Melee Combat: Short Blades, Long Blades, Axes, Maces & Flails, Polearms,
   Staves and Unarmed Combat.
Jewellery
 c - a +6 ring of dexterity
 s - the cursed ring of Ashenzari's Soothsayer (right hand) {rPois rCorr Str-4 Dex+8 SInv, Self, Melee}
   (You found it on level 5 of the Lair of Beasts)

   [ring of resist corrosion]

   Str-4:     It affects your strength (-4).
   Dex+8:     It affects your dexterity (+8).
   rPois:     It protects you from poison SInv: It lets you see invisible.
   rCorr:     It protects you from acid and corrosion.
   It has a curse which improves the following skills: Introspection: Fighting
   and Spellcasting.
   Melee Combat: Short Blades, Long Blades, Axes, Maces & Flails, Polearms,
   Staves and Unarmed Combat.
 z - the cursed ring "Prophetic Levity" (left hand) {rF+ Slay+3, Fort, Self}
   (You found it on level 4 of the Snake Pit)

   [ring of protection from fire]

   Slay+3:    It affects your accuracy & damage with ranged weapons and melee
   (+3).
   rF+:       It protects you from fire.
   It has a curse which improves the following skills: Fortitude: Armour and
   Shields.
   Introspection: Fighting and Spellcasting.
 E - the ring "Esyny" {Will+ AC+4}
   (You found it on level 2 of the Vaults)

   [ring of protection]

   AC+4:      It affects your AC (+4).
   Will+:     It increases your willpower.
 H - a ring of resist corrosion
 I - the cursed amulet "Annoyance of Ashenzari" (around neck) {Regen+, Fort, Self}
   (You bought it in a shop in a bazaar)

   [amulet of regeneration]

   Regen+:    It increases your rate of health regeneration.
   It has a curse which improves the following skills: Fortitude: Armour and
   Shields.
   Introspection: Fighting and Spellcasting.
 M - an amulet of reflection
 O - a ring of flight
 T - a +6 ring of dexterity
Wands
 k - a wand of charming (40)
 q - a wand of mindburst (69)
 u - a wand of iceblast (44)
 v - a wand of polymorph (24)
 N - a wand of flame (91)
 X - a wand of digging (17)
 Z - a wand of quicksilver (13)
Scrolls
 e - 21 scrolls of teleportation
 h - 2 scrolls of summoning
 l - 9 scrolls of fog
 n - 5 scrolls of torment
 r - 7 scrolls of revelation
 F - 8 scrolls of vulnerability
 G - 3 scrolls of silence
 J - 8 scrolls of fear
 L - 4 scrolls of poison
 P - 11 scrolls of immolation
 U - 8 scrolls of blinking
Potions
 g - 8 potions of heal wounds
 i - 3 potions of enlightenment
 j - 5 potions of lignification
 m - 8 potions of attraction
 p - 7 potions of mutation
 t - 2 potions of cancellation
 y - 3 potions of haste
 A - 21 potions of curing
 D - a potion of invisibility
 K - 2 potions of ambrosia
 Q - a potion of might
 S - 4 potions of berserk rage
 V - a potion of resistance
Miscellaneous
 x - a phantom mirror


   Skills:
 - Level 23.5(27) Fighting
 - Level 17.3(25.8) Short Blades
 - Level 16.1(24.4) Long Blades
 - Level 1.5(3.0) Throwing
 + Level 17.7(22.5) Armour
 - Level 25.2(27) Dodging
 - Level 24.7(26.5) Stealth
 + Level 19.8(24.5) Shields


You had 27 spell levels left.
You didn't know any spells.
Your spell library contained the following spells:

 Spells                   Type           Power      Damage    Failure   Level
 Kiss of Death            Conj/Necr      4%         2d5       36%         1
 Magic Dart               Conj           4%         1d3       36%         1
 Necrotise                Necr           4%         1d4       36%         1
 Summon Small Mammal      Summ           4%         N/A       36%         1
 Freeze                   Ice            0%         1d3       38%         1
 Sandblast                Erth           0%         2d4       38%         1
 Sting                    Tmut/Pois      0%         1d3       38%         1
 Blink                    Tloc           2%         N/A       50%         2
 Call Imp                 Summ           2%         N/A       50%         2
 Lesser Beckoning         Tloc           2%         N/A       50%         2
 Momentum Strike          Conj/Tloc      2%         3d8       50%         2
 Searing Ray              Conj           2%         2d4       50%         2
 Sublimation of Blood     Necr           1%         N/A       50%         2
 Cigotuvi's Dreadful Rot  Necr/Pois/Air  0%         N/A       52%         2
 Ensorcelled Hibernation  Hex/Ice        2%         N/A       52%         2
 Passwall                 Tmut/Erth      0%         N/A       54%         2
 Poisonous Vapours        Pois/Air       0%         N/A       54%         2
 Scorch                   Fire           0%         2d5       54%         2
 Call Canine Familiar     Summ           1%         N/A       75%         3
 Confusing Touch          Hex            1%         N/A       75%         3
 Dazzling Flash           Conj/Hex       2%         N/A       75%         3
 Gell's Gravitas          Tloc           1%         N/A       75%         3
 Sigil of Binding         Hex            1%         N/A       75%         3
 Summon Guardian Golem    Hex/Summ       1%         N/A       75%         3
 Teleport Other           Tloc           1%         N/A       75%         3
 Vampiric Draining        Necr           1%         2d6       75%         3
 Frozen Ramparts          Ice            0%         1d1       77%         3
 Hailstorm                Conj/Ice       1%         3d5       77%         3
 Ignite Poison            Fire/Tmut/Pois 0%         N/A       77%         3
 Mephitic Cloud           Conj/Pois/Air  0%         N/A       77%         3
 Ozocubu's Armour         Ice            0%         N/A       77%         3
 Stone Arrow              Conj/Erth      2%         3d7       77%         3
 Swiftness                Air            0%         N/A       77%         3
 Volatile Blastmotes      Fire/Tloc      2%         2d10      77%         3
 Dimensional Bullseye     Hex/Tloc       0%         N/A       98%         4
 Dispel Undead            Necr           1%         3d6       98%         4
 Fulminant Prism          Conj/Hex       0%         3d5       98%         4
 Manifold Assault         Tloc           1%         N/A       98%         4
 Passage of Golubria      Tloc           1%         N/A       98%         4
 Animate Armour           Summ/Erth      2%         N/A       99%         4
 Brom's Barrelling Bould  Conj/Erth      1%         2d3       99%         4
 Flame Wave               Conj/Fire      1%         2d4       99%         4
 Olgreb's Toxic Radiance  Pois           0%         N/A       99%         4
 Petrify                  Tmut/Erth      0%         N/A       99%         4
 Summon Ice Beast         Ice/Summ       1%         N/A       99%         4
 Summon Lightning Spire   Summ/Air       1%         N/A       99%         4
 Vhi's Electric Charge    Tloc/Air       2%         N/A       99%         4
 Agony                    Necr           1%         N/A       100%        5
 Alistair's Intoxication  Tmut/Pois      0%         N/A       100%        5
 Arcjolt                  Conj/Air       0%         1d10      100%        5
 Borgnjor's Vile Clutch   Necr/Erth      0%         N/A       100%        5
 Freezing Cloud           Conj/Ice/Air   0%         6-21      100%        5
 Irradiate                Conj/Tmut      0%         3d11      100%        5
 Lee's Rapid Deconstruct  Erth           0%         3d4*      100%        5
 Metabolic Englaciation   Hex/Ice        0%         N/A       100%        5
 Death Channel            Necr           0%         N/A       100%        6
 Dispersal                Tloc           0%         N/A       100%        6
 Eringya's Noxious Bog    Tmut/Pois      0%         4d6       100%        6
 Plasma Beam              Fire/Air       0%         2x1d10    100%        6
 Simulacrum               Ice/Necr       0%         N/A       100%        6
 Starburst                Conj/Fire      0%         6d3       100%        6
 Orb of Destruction       Conj           0%         9d5       100%        7
 Ozocubu's Refrigeration  Ice            0%         4d7       100%        7
 Spellforged Servitor     Conj/Summ      0%         N/A       100%        7
 Discord                  Hex            0%         N/A       100%        8
 Disjunction              Tloc           0%         N/A       100%        8
 Ignition                 Fire           0%         3d3       100%        8
 Lehudib's Crystal Spear  Conj/Erth      0%         10d2      100%        8
 Maxwell's Capacitive Co  Air            0%         ∞         100%        8
 Summon Horrible Things   Summ           0%         N/A       100%        8
 Dragon's Call            Summ           0%         N/A       100%        9
 Fire Storm               Conj/Fire      0%         6d1       100%        9


Dungeon Overview and Level Annotations

Branches:
Dungeon (15/15)            Temple (1/1) D:5            Lair (5/5) D:11
  Swamp (4/4) Lair:2        Snake (4/4) Lair:2        Slime (0/5) Lair:4
    Orc (2/2) D:12            Elf (3/3) Orc:2        Vaults (5/5) D:13
  Crypt (3/3) Vaults:3       Tomb (0/3) Crypt:3      Depths (4/4) D:15
    Zot (5/5) Depths:4     Bailey (visited)           IceCv (visited)
Gauntlet (visited)

Altars:
Ashenzari
Cheibriados
Dithmenos
Fedhas
Gozag
Hepliaklqana
Kikubaaqudgha
Makhleb
Nemelex Xobeh
Okawaru
Qazlal
Ru
Sif Muna
Trog
Uskayaw
Vehumet
Wu Jian
Xom
Yredelemnul
Jiyva
Lugonu

Shops:
D:1 [   D:7 ?   D:10 [   D:14 ?   Orc:2 [*:(   Elf:1 [*[   Elf:2 *   Snake:1 *
Snake:4 *:*   Vaults:1 :   Vaults:2 (?![=   Vaults:5 !   Depths:1 (
Depths:2 ([

Portals:
Hell: Depths:1 Depths:2 Depths:3 Depths:4
Abyss: Lair:5 Depths:1 Depths:2 Depths:3
Pandemonium: Depths:2
Ziggurat: Depths:2

Annotations:
D:1 exclusion: downstairs
Lair:1 exclusion: downstairs
Lair:2 exclusion: downstairs
Zot:1 exclusion: door
Zot:2 3 runed translucent doors, Ganeol's ghost, legendary MiBe; Ogritsah's ghost, legendary MiBe; Visuc's ghost, master GrBe


Innate Abilities, Weirdness & Mutations

Your natural rate of healing is accelerated.
You have razor-sharp teeth.
You have supernaturally acute eyesight. (SInv)
You are afflicted with vampirism and can become a bat while bloodless.
You have a pair of small antennae on your head.
Your mind is acute. (Int +4, Str/Dex -1)
You are clumsy. (Dex -2)
Your magical capacity is low. (-10% MP)
You are strong-willed. (Will+)
You are somewhat resistant to further mutation.
You occasionally shout uncontrollably at your foes.
Your muscles are strong. (Str +4, Int/Dex -1)


Message History

You can't go up here!
Unknown command.
The endoplasm quivers.
You hit the endoplasm. You burn the endoplasm. You freeze the endoplasm.
You bite the endoplasm.
You kill the endoplasm!
No target in view!
No target in view!
No target in view!
No target in view!
Things that are here:
a +0 robe; a +0 dagger You see here a +0 short sword.
There is a stone staircase leading up here.
You climb upwards.
There is a stone staircase leading down here.
Items here: )))) [[.
There is a stone staircase leading up here.
You climb upwards.
There is a stone staircase leading down here.
There is a stone staircase leading up here.
You climb upwards.
Level annotation: exclusion: downstairs
There is a stone staircase leading down here.
You see here a +0 club.
An Orb Guardian comes into view.
There is a staircase leading out of the dungeon here.
You block the Orb Guardian's attack.
You completely miss the Orb Guardian. You block the Orb Guardian's attack.
You barely miss the Orb Guardian. You block the Orb Guardian's attack.
You slice the Orb Guardian like a ripe choko!!!
You burn the Orb Guardian. You freeze the Orb Guardian.
You kill the Orb Guardian!
No target in view!
No target in view!
Enter note: yeet
Okay, then.
Unknown command.
Your +4 Maxwell's thermic engine {flame, freeze, rev} glows black for a moment.
You have escaped!

##.#######{####.#########
#...............#
#....§§§..♣.♣♣§####
#...###§§§♣♣..♣§☼§#
#...##..♣♣.○.⌠♣§♣☼♣
#...##♣♣.♣⌠...§♣°♣♣# #######
#...#*,♣.⌠..8..§.♣.♣ #......
#####...#*,♣⌠.......⌠♣.♣###.#####
........#,♣♣..8.@.8......##.#
######..#♣♣.⌠.(.....⌠.♣♣..#.#
#.......#..♣.⌠..8§○⌠♣♣.♣#.#.#
#.#####[##♣♣.♣⌠...§○♣♣.##.#.# #
#.# #.##☼.♣♣.⌠.⌠♣§♣.♣##.#.# # #.#
#.#..∩♣.♣.♣.♣♣§☼# #.#.##### #.#
#.#..##..♣♣.♣#§####.#.#...# #.#
###.#..##.##.###§.§§°...).... #.#
#......##.##.###○§###.#.#...#


There were no monsters in sight!

Vanquished Creatures
  5 ancient liches
  3 orbs of fire
  6 dread liches
  Sojobo (Vaults:4)
  Xtahua (Depths:4)
  the Lernaean hydra (Swamp:4)
  15 Killer Klowns
  6 caustic shrikes
  Nikola (Swamp:1)
  7 golden dragons
  Norris (Depths:1)
  2 bone dragons
  The ghost of YordlordTheGreat the Maledictor, a veteran SpEn of Ashenzari (Depths:4)
  15 tentacled monstrosities
  4 electric golems
  An Ice Fiend (D:13)
  4 liches
  6 titans
  32 Orb Guardians
  3 deep elf blademasters (Elf:3)
  2 deep elf master archers (Elf:3)
  A walking frostbound tome (Depths:2)
  7 quicksilver dragons
  6 sphinxes
  The ghost of Colgate the Marksdjinni, an adept DjHW of Gozag (Swamp:1)
  An Executioner (D:5)
  2 ancient champions (Crypt:2)
  Frances (D:12)
  6 death cobs
  Roxanne (Snake:2)
  Kirke (Swamp:3)
  Gastronok (Lair:3)
  9 shadow dragons
  19 storm dragons
  7 tengu reavers
  Aizul (Elf:3)
  4 protean progenitors (Zot:3)
  2 draconian knights
  5 fire giants
  6 nagarajas
  4 draconian monks
  21 vault wardens
  9 frost giants
  6 deep elf sorcerers
  A caustic shrike zombie (Crypt:3)
  4 draconian shifters
  18 ironbound preservers
  3 deep elf elementalists (Elf:2)
  5 draconian stormcallers
  2 ghost moths (Zot:5)
  A ghoul (Crypt:3)
  6 draconian scorchers
  3 formless jellyfish
  5 draconian annihilators
  A curse skull (Crypt:2)
  2 broodmothers (Zot:3)
  A reaper (D:11)
  A spriggan defender (Swamp:1)
  11 war gargoyles
  5 orc warlords
  11 very ugly things
  16 stone giants
  5 ironbound thunderhulks
  8 deep elf demonologists
  10 vampire knights
  7 black draconians
  11 bunyips
  4 green draconians
  5 eleionomae
  4 spark wasps
  A lorocyproca (Depths:1)
  7 dire elephants
  6 purple draconians
  The ghost of Veeruq the Blocker, a journeyman DsFi of Okawaru (Lair:4)
  14 deep elf annihilators
  6 red draconians
  A minotaur (Gauntlet)
  2 demonspawn black suns (Zot:1)
  10 white draconians
  12 deep elf death magi
  The ghost of Xiotynat the Photosynthesist, a journeyman HOMo of Fedhas (D:11)
  7 yellow draconians
  A green death (Depths:2)
  The ghost of Nattfarinn the Mimic, a journeyman NaSh of Cheibriados (Lair:2)
  Snorg (Orc:1)
  2 blizzard demons (IceCv)
  5 deep elf high priests
  An acid blob zombie (Crypt:2)
  11 jiangshi
  A shambling mangrove (Swamp:3)
  A spectral spriggan (Depths:4)
  7 ettins
  4 crystal guardians
  23 yaktaur captains
  9 fire dragons
  4 spriggan zombies
  3 salamander tyrants
  15 hydras
  2 entropy weavers (Vaults:1)
  2 spectral tengu (Depths:4)
  A hell beast (Depths:4)
  4 peacekeepers
  Fannar (Lair:3)
  5 ice dragons
  5 great orbs of eyes
  31 vault guards
  2 catoblepae (Lair:3)
  3 spriggan air magi
  A juggernaut simulacrum (Depths:4)
  7 ogre magi
  The ghost of Bnni the Skirmisher, a journeyman SpHu of Fedhas (D:12)
  3 alligators
  13 centaur warriors
  4 ironbound frosthearts
  The ghost of Kuwn the Slicer, a journeyman HuDe of Makhleb (Orc:1)
  2 spriggan skeletons (Crypt:3)
  2 death knights
  A two-headed ogre (shapeshifter) (Vaults:5)
  A spectral shadow dragon (Depths:4)
  Erica (Lair:2)
  2 boulder beetles
  16 two-headed ogres
  7 anacondas
  9 deep troll shamans
  2 satyrs (Zot:3)
  9 deep troll earth magi
  9 tengu warriors
  40 dancing weapons
  15 naga warriors
  3 thrashing horrors (Lair:5)
  4 shock serpents
  6 spriggan berserkers
  8 vampire magi
  7 orc high priests
  4 naga sharpshooters
  Sonja (D:12)
  A spectral storm dragon (Depths:4)
  17 spriggans
  12 hell knights
  A soul eater (Crypt:2)
  A shock serpent (shapeshifter) (Vaults:5)
  Amaemon (D:11)
  18 deep elf knights
  11 iron trolls
  2 sun demons
  4 salamander mystics
  A shadow wraith (Crypt:1)
  4 skysharks
  A skyshark (shapeshifter) (Vaults:5)
  31 skeletal warriors
  5 goliath frogs
  A sixfirhy (D:12)
  A titan skeleton (Crypt:2)
  14 sea snakes (Snake:4)
  5 spriggan druids
  An anaconda zombie (Crypt:3)
  A quicksilver dragon simulacrum (Depths:4)
  3 flayed ghosts
  13 deep elf archers
  The ghost of Leissi the Chopper, a novice GrFi of Okawaru (D:6)
  60 deep trolls
  A naga ritualist (Snake:4)
  A glowing orange brain (shapeshifter) (Vaults:5)
  An obsidian statue (IceCv)
  6 arcanists
  9 lindwurms
  2 bog bodies
  9 swamp dragons
  13 necromancers
  2 spectral iron dragons (Depths:4)
  15 phantasmal warriors
  7 spriggan simulacra (IceCv)
  20 orc knights
  5 harpies (Vaults:2)
  28 deep elf zephyrmancers
  20 ironbound convokers
  A harpy (shapeshifter) (Lair:5)
  An oklob plant (Lair:3)
  37 deep elf pyromancers
  3 orc sorcerers
  A wolf spider (D:15)
  53 ugly things
  A mana viper (shapeshifter) (Vaults:2)
  A frost giant zombie (Vaults:2)
  6 mana vipers
  11 cyclopes
  4 will-o-the-wisps
  A manticore (D:12)
  An iron dragon skeleton (Crypt:3)
  Maurice (D:8)
  11 elephants
  21 moths of wrath
  A black mamba (shapeshifter) (Elf:1)
  A centaur zombie (Crypt:3)
  8 guardian serpents
  2 guardian serpents (shapeshifter)
  10 salamanders
  A frost giant skeleton (Crypt:1)
  22 black mambas
  A water nymph (shapeshifter) (Depths:2)
  17 naga magi
  2 naga zombies (Crypt:2)
  6 large abominations
  A rust devil (Depths:1)
  15 cane toads
  4 smoke demons
  A grey draconian zombie (Crypt:1)
  An unseen horror (shapeshifter) (Elf:1)
  A yaktaur zombie (Vaults:2)
  A dire elephant skeleton (Crypt:3)
  A gargoyle (D:10)
  An orange demon (D:11)
  A hellion (D:12)
  Jeremiah (D:6)
  13 vault sentinels
  2 unseen horrors (D:11)
  2 komodo dragons (shapeshifter)
  A kobold demonologist (D:7)
  7 rime drakes
  A tormentor (Zot:3)
  9 freezing wraiths
  8 komodo dragons
  2 golden dragon simulacra
  A spectral glowing shapeshifter (Depths:4)
  6 tengu conjurers
  2 anaconda simulacra (IceCv)
  A hydra zombie (Crypt:1)
  40 yaktaurs
  A black draconian skeleton (Crypt:1)
  2 alligator snapping turtle skeletons
  A red devil (Zot:3)
  9 ice devils (IceCv)
  11 trolls
  A meliai (shapeshifter) (Vaults:2)
  The ghost of karambola the Cudgeller, an amateur GnRe of Nemelex Xobeh (D:4)
  6 tyrant leeches
  An alligator simulacrum (IceCv)
  13 hornets
  A polar bear (D:12)
  A fire dragon zombie (Crypt:3)
  20 blink frogs
  A dream sheep (Lair:2)
  3 raiju (Lair:5)
  54 slime creatures
  4 centaur simulacra (D:11)
  An ettin zombie (Crypt:3)
  33 flying skulls
  A hog (Swamp:3)
  14 small abominations
  6 wraiths
  A dire elephant simulacrum (IceCv)
  6 vampires
  6 shadows
  4 wyverns
  4 ynoxinuls
  6 water elementals
  A wyvern (shapeshifter) (D:15)
  55 yaks
  9 wargs (Orc:2)
  4 fire elementals
  2 redbacks (Vaults:1)
  9 basilisks
  A chaos spawn (Lair:5)
  8 minotaur simulacra (IceCv)
  3 steam dragons
  2 vampire mosquitoes (D:14)
  2 harpy simulacra (IceCv)
  A glowing shapeshifter zombie (Vaults:2)
  50 nagas
  16 swamp worms
  An acid dragon (D:11)
  Duvessa (D:4)
  14 water moccasins
  12 swamp drakes
  3 sky beasts
  A cane toad skeleton (Crypt:2)
  9 ogres
  2 black bears (D:7)
  4 ice beasts (D:11)
  40 orc warriors
  An ettin simulacrum (IceCv)
  A boggart (Vaults:2)
  6 wolves (Lair:3)
  2 phantoms (D:6)
  21 centaurs
  A draconian zombie (Crypt:2)
  4 kobold brigands
  4 scorpions
  14 bullfrogs
  3 necrophages (Crypt:3)
  3 earth elementals
  A cyclops zombie (Crypt:2)
  12 deep troll simulacra (IceCv)
  8 wights
  Dowan (D:4)
  2 lindwurm simulacra (IceCv)
  10 killer bees
  A yak skeleton (Crypt:1)
  2 howler monkeys
  An electric eel (D:13)
  4 jellies
  34 orc priests
  6 hounds
  A gnoll bouda (D:5)
  A centaur skeleton (Crypt:1)
  An iguana (D:6)
  3 sleepcaps
  30 orc wizards
  Terence (D:2)
  An acid dragon skeleton (Crypt:2)
  A naga skeleton (Crypt:2)
  A tengu skeleton (Crypt:1)
  9 gnolls
  A steam dragon zombie (Crypt:2)
  3 adders
  A shadow imp (D:5)
  4 white imps
  A worm (D:4)
  A dart slug (D:2)
  123 orcs
  9 ball pythons
  10 endoplasms
  5 giant cockroaches
  7 goblins
  6 hobgoblins
  2 quokkas
  5 bats
  12 frilled lizards
  A jackal skeleton (Crypt:1)
  23 kobolds
  4 rats
  A river rat skeleton (Crypt:1)
  A butterfly (Swamp:2)
2350 creatures vanquished.

Vanquished Creatures (collateral kills)
  Nergalle (Lair:2)
  A skyshark (Lair:2)
2 creatures vanquished.

Vanquished Creatures (others)
  A Killer Klown (Zot:5)
  A tentacled monstrosity (Zot:1)
  A deep elf sorcerer (Elf:2)
  A deep elf annihilator (Elf:3)
  A vault guard (D:13)
  2 deep elf knights
  A deep elf archer (Elf:3)
  5 deep elf zephyrmancers
  A bloated husk (Swamp:2)
  2 spriggans (Swamp:1)
  A small abomination (Lair:5)
  2 orcs (Orc:2)
  10 foxfires
29 creatures vanquished.

Grand Total: 2381 creatures vanquished

Notes
Turn   | Place    | Note
-------+----------+-------------------------------------------
     0 | D:1      | seandewar5 the Vampire Gladiator began the quest for the
                  | Orb.
     0 | D:1      | Reached XP level 1. HP: 16/16 MP: 1/1
    54 | D:1      | Found Siomoneb's Antique Armour Boutique.
   288 | D:1      | Reached XP level 2. HP: 22/22 MP: 2/2
  1335 | D:2      | Gained mutation: You are afflicted with vampirism and can
                  | become a bat while bloodless. [Vampire growth]
  1335 | D:2      | Reached XP level 3. HP: 27/27 MP: 3/3
  1376 | D:2      | Identified the +5 short sword of Diet Blood {flame, rF+
                  | Dex+3}
  1459 | D:2      | Noticed Terence
  1488 | D:2      | Killed Terence
  1489 | D:2      | Reached skill level 1 in Short Blades
  1489 | D:2      | Reached XP level 4. HP: 29/33 MP: 4/4
  2207 | D:2      | Found a faded altar of an unknown god.
  2593 | D:3      | Reached XP level 5. HP: 38/38 MP: 5/5
  3258 | D:1      | Bought a pair of runed boots for 172 gold pieces
  3768 | D:4      | Found a runed translucent door.
  3768 | D:4      | Noticed karambola's ghost (amateur GnRe)
  3838 | D:4      | Reached skill level 5 in Stealth
  3838 | D:4      | Reached XP level 6. HP: 44/44 MP: 6/6
  3941 | D:4      | Found an opulent altar of Gozag.
  3942 | D:4      | Noticed Dowan
  3956 | D:4      | Killed Dowan
  4090 | D:5      | Entered Level 5 of the Dungeon
  4319 | D:4      | Found a sparkling altar of Nemelex Xobeh.
  4380 | D:4      | Reached skill level 1 in Shields
  4575 | D:5      | Found a staircase to the Ecumenical Temple.
  4582 | Temple   | Entered the Ecumenical Temple
  4636 | Temple   | Became a worshipper of Ashenzari the Shackled
  4885 | D:5      | Reached XP level 7. HP: 52/52 MP: 7/7
  4911 | D:4      | Reached skill level 5 in Short Blades
  5532 | D:5      | Reached skill level 4 in Dodging
  5587 | D:5      | Identified the +6 whip "Kenuimae" {flame, rN+}
  5794 | D:6      | Found a runed translucent gate.
  5794 | D:6      | Found a runed translucent gate.
  5794 | D:6      | Found a runed translucent gate.
  5795 | D:6      | Noticed Leissi's ghost (novice GrFi)
  5849 | D:6      | Noticed Jeremiah
  5970 | D:6      | Reached skill level 1 in Armour
  5995 | D:6      | Reached XP level 8. HP: 60/60 MP: 8/8
  6249 | D:6      | Noticed a troll
  6365 | D:6      | Noticed a troll
  6971 | D:4      | Found a radiant altar of Vehumet.
  6971 | D:4      | Noticed Duvessa
  7395 | D:7      | Found Ufomerakh's Magic Scroll Shoppe.
  7404 | D:7      | Identified the +4 hand axe "Beastslayer" {drain, Int+4
                  | Dex+4}
  7423 | D:7      | Bought a scroll of identify for 26 gold pieces
  7423 | D:7      | Bought a scroll of identify for 26 gold pieces
  7423 | D:7      | Bought a scroll of identify for 26 gold pieces
  7594 | D:7      | Noticed a hornet
  7769 | D:4      | Killed Duvessa
  8232 | D:6      | Reached skill level 5 in Fighting
  8977 | D:6      | Found a bloodstained altar of Trog.
  9080 | D:7      | Reached XP level 9. HP: 69/69 MP: 9/9
  9206 | D:7      | Noticed a deep elf pyromancer
  9296 | D:8      | Noticed Maurice
  9791 | D:8      | Reached * piety under Ashenzari
 10184 | D:7      | Reached skill level 5 in Dodging
 10289 | D:7      | Reached skill level 6 in Dodging
 10420 | D:7      | Noticed a kobold demonologist
 10480 | D:7      | Killed a deep elf pyromancer
 10516 | D:7      | Identified Zocsewod's Cyclopedia of the Foul Arsonist
 10695 | D:7      | Noticed a kobold demonologist
 10719 | D:7      | Killed a kobold demonologist
 10918 | D:6      | Killed a troll
 10919 | D:6      | Reached XP level 10. HP: 67/76 MP: 10/10
 11020 | D:9      | Reached ** piety under Ashenzari
 11191 | D:8      | Maurice stole the +4 hand axe "Beastslayer" {drain, Int+4
                  | Dex+4}
 11196 | D:8      | Killed Maurice
 11197 | D:8      | Reached skill level 7 in Dodging
 11514 | D:9      | Identified the +6 hand axe of the Middle {protect, Int+4
                  | SInv}
 11576 | D:9      | Reached skill level 8 in Dodging
 11592 | D:9      | Identified the cursed +2 pair of boots "Cursed Together"
                  | {Comp, Melee} (You bought it in a shop on level 1 of the
                  | Dungeon)
 11592 | D:9      | Identified the cursed +0 ring mail of the Esoteric Moon
                  | {Range, Cun} (You found it on level 1 of the Dungeon)
 12826 | D:10     | Entered Level 10 of the Dungeon
 13014 | D:10     | Found a flagged portal.
 13067 | Bailey   | Entered a bailey
 13531 | Bailey   | Identified the Cyclopedia of Glowing Dislocation
 13723 | Bailey   | Reached XP level 11. HP: 84/86 MP: 11/11
 14467 | D:10     | Found Quolan's Antique Armour Emporium.
 14707 | D:7      | Bought 3 scrolls of blinking for 292 gold pieces
 14878 | D:10     | Reached skill level 5 in Shields
 15252 | D:11     | You fall into a shaft and drop 1 floor!
 15265 | D:12     | Noticed a centaur warrior
 15464 | D:12     | Noticed Sonja
 15564 | D:11     | Found a runed translucent gate.
 15565 | D:11     | Found a runed translucent gate.
 15566 | D:11     | Found a runed translucent gate.
 15600 | D:11     | Found a staircase to the Lair.
 15631 | D:11     | Noticed Xiotynat's ghost (journeyman HOMo)
 15655 | D:11     | Noticed Amaemon
 15692 | Lair:1   | Entered Level 1 of the Lair of Beasts
 15732 | Lair:1   | Found a gate leading to a gauntlet.
 15792 | Gauntlet | Entered a Gauntlet
 15792 | Gauntlet | Found a transporter.
 15799 | Gauntlet | Found a transporter.
 15801 | Gauntlet | Found a transporter.
 15812 | Gauntlet | Found a transporter.
 15815 | Gauntlet | Found a transporter.
 15818 | Gauntlet | Noticed an arcanist
 15820 | Gauntlet | Noticed an arcanist
 15823 | Gauntlet | Found a runed translucent gate.
 15823 | Gauntlet | Found a runed translucent gate.
 15826 | Gauntlet | Found a runed translucent gate.
 15826 | Gauntlet | Found a transporter.
 15839 | Gauntlet | Noticed an orange crystal statue
 15842 | Gauntlet | Found a transporter.
 15853 | Gauntlet | Found a transporter.
 15865 | Gauntlet | Noticed a catoblepas
 15867 | Gauntlet | Found a transporter.
 15880 | Gauntlet | Found a transporter.
 15892 | Gauntlet | Noticed an obsidian statue
 15893 | Gauntlet | Found a transporter.
 15894 | Gauntlet | Found a transporter.
 15936 | Gauntlet | Found a transporter.
 15950 | Gauntlet | Found a transporter.
 15953 | Gauntlet | Found a runed translucent door.
 16183 | Gauntlet | Reached skill level 10 in Fighting
 16314 | Gauntlet | Identified the +6 halberd of Zamonon {drain, rF+ Int+5}
 16314 | Gauntlet | Noticed a minotaur
 16337 | Gauntlet | Killed a minotaur
 16445 | Gauntlet | Identified the +3 scale mail of Dithmenos's Supremacy
                  | {^Contam rN+ Regen+ Stlth+}
 16761 | Lair:1   | Reached skill level 10 in Shields
 17028 | Lair:1   | Reached XP level 12. HP: 59/97 MP: 12/12
 17365 | Lair:2   | Found a staircase to the Snake Pit.
 17405 | Lair:2   | Found a transporter.
 17405 | Lair:2   | Found a transporter.
 17405 | Lair:2   | Noticed Nattfarinn's ghost (journeyman NaSh)
 17405 | Lair:2   | Identified the +8 whip of a treasure trove {protect, rC+
                  | rN+}
 17430 | Lair:2   | Noticed Nergalle
 17743 | Lair:2   | Killed Nergalle
 18110 | Lair:2   | Noticed Erica
 19169 | D:6      | Killed Jeremiah
 19361 | D:6      | Killed Leissi's ghost
 19490 | D:4      | Killed karambola's ghost
 19664 | D:11     | Killed Amaemon
 20137 | D:11     | Reached skill level 9 in Dodging
 20365 | D:12     | Found a staircase to the Orcish Mines.
 20382 | D:12     | Found a runed translucent door.
 20384 | D:12     | Noticed Bnni's ghost (journeyman SpHu)
 20392 | D:12     | Noticed a two-headed ogre
 20397 | D:12     | Killed a two-headed ogre
 20677 | Lair:3   | Reached skill level 10 in Stealth
 20873 | Lair:3   | Noticed a catoblepas
 20928 | Lair:3   | Killed a catoblepas
 21104 | Lair:3   | Noticed a catoblepas
 21226 | Lair:3   | Noticed Gastronok
 21261 | Lair:3   | Killed Gastronok
 21262 | Lair:3   | Reached skill level 5 in Armour
 21262 | Lair:3   | Reached XP level 13. HP: 42/108 MP: 13/13
 21584 | Lair:3   | Identified the +1 ring mail of Dice, Bag, and Bottle
                  | {Rampage SInv}
 21631 | Lair:3   | Noticed Fannar
 21678 | Lair:3   | Killed Fannar
 22373 | D:7      | Bought a scroll of enchant armour for 97 gold pieces
 22373 | D:7      | Bought a scroll of enchant armour for 97 gold pieces
 22378 | D:7      | Reached *** piety under Ashenzari
 23662 | Lair:4   | Found a runed translucent gate.
 23662 | Lair:4   | Found a runed translucent gate.
 23662 | Lair:4   | Found a runed translucent gate.
 23668 | Lair:4   | Noticed Veeruq's ghost (journeyman DsFi)
 23905 | Lair:4   | Found a staircase to the Slime Pits.
 23945 | Lair:4   | Found a viscous altar of Jiyva.
 24141 | Lair:4   | Reached XP level 14. HP: 121/121 MP: 14/14
 24727 | Lair:5   | Entered Level 5 of the Lair of Beasts
 24815 | Lair:4   | Reached skill level 10 in Dodging
 25443 | Lair:5   | Reached skill level 11 in Dodging
 25534 | Lair:5   | Reached XP level 15. HP: 104/127 MP: 15/15
 26336 | Lair:5   | Identified the ring of Leaves {rPois rCorr Str-4 Dex+8
                  | SInv}
 26338 | Lair:5   | Found a corrupted altar of Lugonu.
 26338 | Lair:5   | Found a one-way gate to the infinite horrors of the Abyss.
 26565 | Lair:5   | Reached **** piety under Ashenzari
 26696 | Lair:5   | sonja's gonna banish me
 27187 | D:12     | Killed Sonja
 27206 | D:12     | Noticed Frances
 27207 | D:12     | Killed Frances
 27223 | D:12     | Reached skill level 12 in Dodging
 27956 | D:12     | Identified the +5 trident of Summertime {vamp, Str-5 Int+2
                  | Stlth+}
 28457 | D:13     | Found a gate to the Vaults.
 29029 | D:13     | Reached skill level 15 in Stealth
 29633 | D:14     | Found Hanumnyer's Magic Scroll Emporium.
 29637 | D:14     | Bought a scroll of enchant armour for 135 gold pieces
 29637 | D:14     | Bought a scroll of blinking for 135 gold pieces
 30836 | D:15     | Entered Level 15 of the Dungeon
 31037 | D:15     | Reached XP level 16. HP: 138/138 MP: 16/16
 31255 | D:15     | Found a staircase to the Depths.
 31476 | D:15     | Found a sacrificial altar of Ru.
 32034 | Snake:1  | Entered Level 1 of the Snake Pit
 32035 | Snake:1  | Found Seycra's Assorted Antiques.
 32390 | Snake:1  | Reached skill level 13 in Dodging
 33638 | Snake:2  | Reached skill level 5 in Long Blades
 33959 | Snake:2  | Noticed Roxanne
 35263 | Snake:4  | Entered Level 4 of the Snake Pit
 35548 | Snake:4  | Found Ruyn's General Store.
 35552 | Snake:4  | Bought a potion of heal wounds for 95 gold pieces
 35867 | Snake:4  | Identified the ring "Yskatt" {rF+ Slay+3}
 36168 | Snake:4  | Reached XP level 17. HP: 137/147 MP: 17/17
 36272 | Snake:4  | Found Rion's Book Boutique.
 36286 | Snake:4  | Found Saomint's Assorted Antiques.
 36406 | Snake:4  | Found a gateway to a bazaar.
 36448 | Bazaar   | Entered a bazaar
 36448 | Bazaar   | Found Leecax's Jewellery Boutique.
 36448 | Bazaar   | Found Reokk's Jewellery Boutique.
 36477 | Bazaar   | Found Cuhal's Weapon Boutique.
 36502 | Bazaar   | Bought an amulet of regeneration for 360 gold pieces
 36755 | Snake:4  | Bought a scroll of blinking for 225 gold pieces
 37551 | Snake:4  | Reached skill level 10 in Armour
 37578 | Snake:4  | Reached skill level 14 in Dodging
 37873 | Snake:4  | Got a serpentine rune of Zot
 37922 | Snake:4  | Reached skill level 15 in Fighting
 38086 | D:11     | Killed Xiotynat's ghost
 38247 | D:12     | Killed Bnni's ghost
 38420 | Lair:2   | Found a staircase to the Swamp.
 38628 | Lair:2   | Killed Erica
 38676 | Lair:2   | Killed Nattfarinn's ghost
 38782 | Lair:4   | Killed Veeruq's ghost
 38872 | Swamp:1  | Entered Level 1 of the Swamp
 39139 | Swamp:1  | Found a transporter.
 39140 | Swamp:1  | Found a transporter.
 39144 | Swamp:1  | Found a bloodstained altar of Trog.
 39291 | Swamp:1  | Found a frozen archway.
 39299 | IceCv    | Entered an ice cave
 39393 | IceCv    | Reached skill level 15 in Dodging
 39977 | IceCv    | Reached XP level 18. HP: 157/157 MP: 18/18
 40062 | IceCv    | Identified the +5 pair of boots of the Past {^Contam rPois
                  | rC- Regen+}
 40602 | Swamp:1  | Noticed Colgate's ghost (adept DjHW)
 40820 | Swamp:1  | Noticed Nikola
 40828 | Swamp:1  | Killed Nikola
 41058 | Swamp:2  | Found an opulent altar of Gozag.
 41633 | Swamp:3  | Reached skill level 15 in Shields
 41703 | Swamp:3  | Noticed Kirke
 41728 | Swamp:3  | Killed Kirke
 41823 | Swamp:3  | Found a broken altar of Ashenzari.
 42110 | Swamp:4  | Entered Level 4 of the Swamp
 42287 | Swamp:4  | Noticed the 27-headed Lernaean hydra
 42312 | Swamp:4  | Killed the 27-headed Lernaean hydra
 42388 | Swamp:4  | Reached skill level 16 in Dodging
 42921 | Swamp:4  | Got a decaying rune of Zot
 43228 | Orc:1    | Entered Level 1 of the Orcish Mines
 43304 | Orc:1    | Noticed Urug
 43305 | Orc:1    | Urug changed into Urug the moth of wrath
 43305 | Orc:1    | Noticed Urug
 43311 | Orc:1    | Killed Urug the moth of wrath
 43570 | Orc:1    | Noticed Snorg
 43583 | Orc:1    | Killed Snorg
 43603 | Orc:1    | Found a runed translucent door.
 43617 | Orc:1    | Noticed Kuwn's ghost (journeyman HuDe)
 43794 | Orc:1    | Killed Kuwn's ghost
 43819 | Orc:2    | Entered Level 2 of the Orcish Mines
 43825 | Orc:1    | Reached skill level 17 in Dodging
 44272 | Orc:2    | Reached skill level 18 in Dodging
 44305 | Orc:2    | Found a staircase to the Elven Halls.
 44491 | Orc:2    | Found Leran's Assorted Antiques.
 44498 | Orc:2    | Bought a potion of berserk rage for 135 gold pieces
 44564 | Orc:2    | Found Koapav's Book Boutique.
 44690 | Orc:2    | Found Pyfid's Armour Boutique.
 44751 | Orc:2    | Found Faofesodgh's Weapon Boutique.
 44857 | Elf:1    | Entered Level 1 of the Elven Halls
 45039 | Elf:1    | Found Xibbuleub's Antique Armour Boutique.
 45041 | Elf:1    | Found Ritirche's Assorted Antiques.
 45043 | Elf:1    | Found Lovvycwafi's Armour Boutique.
 45174 | Elf:1    | Reached XP level 19. HP: 158/164 MP: 19/19
 45586 | Elf:1    | Identified the Compendium of Stolen Souls
 45809 | Elf:2    | Found Wacuacw's Assorted Antiques.
 46030 | Elf:2    | Identified the +4 dagger "Emass" {vamp, ^Drain Str+7}
 46031 | Elf:2    | Found a runed translucent gate.
 46031 | Elf:2    | Found a runed translucent gate.
 46031 | Elf:2    | Found a runed translucent gate.
 46031 | Elf:2    | Identified the +8 short sword "Killer Klown's Regret"
                  | {spect, rPois rC+ rN++ Str-4}
 46031 | Elf:2    | Identified the +2 scimitar of the Unkillable {speed, Int+7}
 47388 | Elf:3    | Entered Level 3 of the Elven Halls
 47388 | Elf:3    | Found a flickering gateway to a bazaar.
 47397 | Bazaar   | Entered a bazaar
 47397 | Bazaar   | Found Ichaet's General Store.
 47404 | Bazaar   | Bought a scroll of enchant weapon for 82 gold pieces
 47410 | Bazaar   | Found Moogoiw's Antique Armour Shop.
 47436 | Bazaar   | Found Hadih's Antique Weapon Shop.
 47468 | Elf:3    | Identified the serpent talisman of the Abyss {+Blink rElec
                  | Int-3 Dex+3}
 47468 | Elf:3    | Noticed Aizul
 47479 | Elf:3    | Killed Aizul
 48427 | Elf:3    | Reached XP level 20. HP: 153/172 MP: 20/20
 48662 | Elf:3    | Reached skill level 19 in Dodging
 48777 | Elf:3    | Identified the ring "Yfiussab" {Ice Str-4 Int+3 Dex+6}
 49185 | Elf:3    | Identified the +6 morningstar "Negromom" {heavy, *Rage rF+
                  | Will+ Int+4}
 49350 | Elf:3    | Identified the +4 flail "Cel Voyta" {speed, rF+ Will- Str+3
                  | Dex+10}
 49358 | Elf:3    | Identified the +0 leather armour of Mutualism {rPois}
 49883 | Elf:3    | Found the +3 giant club "Skullcrusher" {speed, Str+7}
 49923 | Elf:3    | Identified the Information on the Door
 50306 | Vaults:1 | Entered Level 1 of the Vaults
 51359 | Vaults:1 | Found Ovotyust's Book Shop.
 51366 | Vaults:1 | Bought a manual of Fighting for 1440 gold pieces
 52493 | Vaults:2 | Found Magayta's Magic Scroll Shop.
 52502 | Vaults:2 | Bought a scroll of teleportation for 60 gold pieces
 52645 | Vaults:2 | Reached XP level 21. HP: 186/188 MP: 21/21
 52781 | Vaults:2 | Found Wiskou's Distillery.
 52786 | Vaults:2 | Bought a potion of enlightenment for 85 gold pieces
 52957 | Vaults:2 | Identified the ring "Esyny" {Will+ AC+4}
 53296 | Vaults:2 | Found Appeotoi's Antique Armour Shoppe.
 53448 | Vaults:2 | Found Ciugg's Weapon Shoppe.
 53666 | Vaults:2 | Found Dogoc's Jewellery Emporium.
 54599 | Vaults:3 | Reached skill level 10 in Long Blades
 54833 | Vaults:3 | Found a staircase to the Crypt.
 54957 | Vaults:3 | Reached skill level 20 in Dodging
 55415 | Vaults:4 | Noticed an ancient lich
 55418 | Vaults:4 | Killed an ancient lich
 55422 | Vaults:4 | Identified the +7 falchion of the Ring {heavy, Dex+5}
 55500 | Vaults:4 | Reached ***** piety under Ashenzari
 55709 | Vaults:4 | Noticed Sojobo
 55717 | Vaults:4 | Killed Sojobo
 55996 | Vaults:4 | Reached XP level 22. HP: 197/204 MP: 22/22
 56110 | Vaults:4 | Paralysed by a formless jellyfish for 1 turns
 56585 | Vaults:4 | Identified a scroll of acquirement
 56646 | Vaults:4 | Acquired a manual of Short Blades
 56686 | Vaults:4 | Reached skill level 10 in Short Blades
 57143 | Elf:1    | Bought a scroll of teleportation for 81 gold pieces
 57354 | Snake:1  | Bought a scroll of teleportation for 87 gold pieces
 57354 | Snake:1  | Bought a scroll of teleportation for 87 gold pieces
 57578 | Swamp:1  | Killed Colgate's ghost
 57870 | Snake:2  | Killed Roxanne
 58077 | D:14     | Bought a scroll of fog for 72 gold pieces
 58202 | Vaults:2 | Bought a potion of curing for 51 gold pieces
 58202 | Vaults:2 | Bought a potion of curing for 51 gold pieces
 58202 | Vaults:2 | Bought a potion of curing for 51 gold pieces
 58388 | Crypt:1  | Entered Level 1 of the Crypt
 58500 | Crypt:1  | Found a burning altar of Makhleb.
 58545 | Crypt:1  | Identified the +0 scale mail of Impatience {rCorr}
 58642 | Crypt:1  | Reached skill level 21 in Dodging
 58755 | Crypt:1  | Identified the +1 long sword "Ecvejuah" {flame, Will- Dex+5
                  | SInv}
 59012 | Crypt:1  | Noticed an ancient lich
 59025 | Crypt:1  | Killed an ancient lich
 59028 | Crypt:1  | Found the +6 Majin-Bo {spellvamp, MP+6 Int+6}
 59666 | Crypt:2  | Reached skill level 15 in Short Blades
 59939 | Crypt:2  | Identified the +3 scale mail of Untruth {rPois rC- Int+2}
 60164 | Crypt:2  | Identified the +5 ring mail "Xaduyrit" {^Drain rPois rN++
                  | Stlth-}
 60342 | Crypt:3  | Entered Level 3 of the Crypt
 60945 | Crypt:3  | Found a basalt altar of Yredelemnul.
 60945 | Crypt:3  | Noticed a dread lich
 60949 | Crypt:3  | Killed a dread lich
 60993 | Crypt:3  | Found a staircase to the Tomb.
 61100 | Crypt:3  | Reached XP level 23. HP: 211/211 MP: 23/23
 62055 | Vaults:5 | Entered Level 5 of the Vaults
 62153 | Vaults:5 | Reached skill level 22 in Dodging
 62277 | Vaults:5 | Noticed a dread lich
 62295 | Vaults:5 | Killed a dread lich
 62679 | Vaults:5 | Identified the ring "Ewesmoo" {rN+ rCorr EV+5}
 62761 | Vaults:5 | Got a silver rune of Zot
 62859 | Vaults:5 | Found Roaheir's Distillery.
 62863 | Vaults:5 | Bought a potion of haste for 150 gold pieces
 62863 | Vaults:5 | Bought a potion of heal wounds for 75 gold pieces
 63157 | Vaults:5 | Found the +9 scales of the Dragon King {rPois rF+ rC+
                  | Will+}
 63158 | Vaults:5 | Noticed a dread lich
 63202 | Vaults:5 | Killed a dread lich
 63210 | Vaults:5 | Identified Sif Muna's Lectures on Familiar Talus
 63217 | Vaults:5 | Identified the staff "Ceqeinaj" {rPois Dex+2 Poison}
 63282 | Vaults:5 | Identified the +1 robe of Kinitaec {Str+5}
 63283 | Vaults:5 | Identified the +1 robe of the Poles {Dex+2}
 63662 | Vaults:5 | Gained mutation: Armour fits poorly on your strangely
                  | shaped body. [a cacodemon]
 64660 | Vaults:5 | Found Roaheir's Distillery.
 65095 | Depths:1 | Entered Level 1 of the Depths
 65247 | D:15     | Reached XP level 24. HP: 227/227 MP: 23/23
 65400 | Depths:1 | Found a radiant altar of Vehumet.
 65430 | Depths:1 | Found Kuap's Antique Weapon Shoppe.
 65710 | Depths:1 | Noticed Norris
 65739 | Depths:1 | Killed Norris
 66003 | Depths:1 | Found a gateway to Hell.
 66493 | Depths:2 | Reached skill level 15 in Armour
 66506 | Depths:2 | Found a one-way gate leading to the halls of Pandemonium.
 66541 | Depths:2 | Found a broken altar of Ashenzari.
 67122 | Depths:2 | Found the +2 Maxwell's thermic engine {flame, freeze, rev}
 67233 | Depths:2 | Found Mijaymet's Antique Armour Shop.
 67235 | Depths:2 | Found Heok's Antique Weapon Boutique.
 67243 | Depths:2 | Bought a steaming triple sword for 540 gold pieces
 67243 | Depths:2 | Identified the +8 triple sword of Tiysusaq {elec, SInv
                  | Stlth+} (You bought it in a shop on level 2 of the Depths)
 67511 | Depths:2 | Found a one-way gateway to a ziggurat.
 68289 | Depths:4 | Entered Level 4 of the Depths
 68289 | Depths:4 | Noticed Xtahua
 68296 | Depths:4 | Killed Xtahua
 68664 | Depths:4 | Found a gate to the Realm of Zot.
 68678 | Depths:4 | Reached XP level 25. HP: 230/234 MP: 24/24
 68853 | Depths:4 | Found a runed translucent gate.
 68853 | Depths:4 | Found a runed translucent gate.
 68853 | Depths:4 | Found a runed translucent gate.
 68853 | Depths:4 | Noticed an ancient lich
 68853 | Depths:4 | Noticed YordlordTheGreat's ghost (veteran SpEn)
 68853 | Depths:4 | Noticed an ancient lich
 68872 | Depths:4 | Found a blossoming altar of Fedhas.
 69145 | Depths:4 | Killed an ancient lich
 69148 | Depths:4 | Killed YordlordTheGreat's ghost
 69197 | Depths:4 | Killed an ancient lich
 69262 | Zot:1    | Entered Level 1 of the Realm of Zot
 69856 | Zot:1    | Noticed an orb of fire
 69856 | Zot:1    | Identified the +4 hand axe "Omelette" {flame, Stlth+}
 69856 | Zot:1    | Identified the Tome of The Black Sun
 69866 | Zot:1    | Gained mutation: You sometimes lose your temper in combat.
                  | [an orb of fire]
 69874 | Zot:1    | Killed an orb of fire
 69920 | Zot:1    | Lost mutation: You sometimes lose your temper in combat.
                  | [potion of mutation]
 69920 | Zot:1    | Lost mutation: Armour fits poorly on your strangely shaped
                  | body. [potion of mutation]
 69920 | Zot:1    | Gained mutation: Your mind is acute. (Int +4, Str/Dex -1)
                  | [potion of mutation]
 69920 | Zot:1    | Gained mutation: You are strong-willed. (Will+) [potion of
                  | mutation]
 69920 | Zot:1    | Gained mutation: You have a pair of small antennae on your
                  | head. [potion of mutation]
 69920 | Zot:1    | Gained mutation: Your muscles are strong. (Str +4, Int/Dex
                  | -1) [potion of mutation]
 70351 | Zot:1    | Noticed an orb of fire
 70821 | Zot:2    | Noticed a Killer Klown
 70836 | Zot:2    | Killed a Killer Klown
 70837 | Zot:2    | Reached skill level 15 in Long Blades
 70967 | Zot:2    | Noticed a Killer Klown
 70988 | Zot:2    | Killed a Killer Klown
 71015 | Zot:2    | Reached skill level 23 in Dodging
 71331 | Zot:2    | Found a runed translucent gate.
 71331 | Zot:2    | Found a runed translucent gate.
 71331 | Zot:2    | Found a runed translucent gate.
 71331 | Zot:2    | Noticed Ganeol's ghost (legendary MiBe)
 71331 | Zot:2    | Identified the ring "Hooph" {Will+ rCorr Stlth+}
 71332 | Zot:2    | Found an ancient bone altar of Kikubaaqudgha.
 71332 | Zot:2    | Noticed Ogritsah's ghost (legendary MiBe)
 71332 | Zot:2    | Noticed Visuc's ghost (master GrBe)
 71332 | Zot:2    | Identified the -2 cloak "Tummon" {*Corrode rElec Int+6}
 71333 | Zot:2    | Noticed an ancient lich
 71333 | Zot:2    | Noticed a dread lich
 71417 | Zot:3    | Identified the +10 dagger of the Traitor {speed, Stlth+}
 71615 | Zot:3    | Gained mutation: You are clumsy. (Dex -2) [mutagenic glow]
 71625 | Zot:3    | Gained mutation: You are somewhat resistant to further
                  | mutation. [mutagenic glow]
 71806 | Zot:3    | Noticed a Killer Klown
 71817 | Zot:3    | Killed a Killer Klown
 72363 | Zot:4    | Noticed a Killer Klown
 72363 | Zot:4    | Noticed a Killer Klown
 72363 | Zot:4    | Noticed a Killer Klown
 72363 | Zot:4    | Noticed a dread lich
 72366 | Zot:4    | Killed a Killer Klown
 72369 | Zot:4    | Killed a Killer Klown
 72383 | Zot:3    | Killed a Killer Klown
 72418 | Zot:4    | Noticed a Killer Klown
 72420 | Zot:4    | Noticed a Killer Klown
 72513 | Zot:3    | Killed a dread lich
 72514 | Zot:3    | Reached XP level 26. HP: 215/242 MP: 23/23
 73215 | Zot:4    | Reached skill level 24 in Dodging
 73510 | Zot:5    | Entered Level 5 of the Realm of Zot
 73511 | Zot:5    | Noticed an ancient lich
 74035 | Zot:5    | Noticed a dread lich
 74050 | Zot:5    | Killed a dread lich
 74330 | Zot:5    | Killed an ancient lich
 74514 | Zot:5    | Noticed an orb of fire
 74518 | Zot:5    | Gained mutation: You occasionally shout uncontrollably at
                  | your foes. [an orb of fire]
 74530 | Zot:5    | Killed an orb of fire
 74977 | Zot:5    | Reached skill level 25 in Dodging
 75013 | Zot:5    | Noticed an orb of fire
 75151 | Zot:5    | Gained mutation: Your magical capacity is low. (-10% MP)
                  | [an orb of fire]
 75152 | Zot:5    | Killed an orb of fire
 75166 | Zot:5    | Noticed a dread lich
 75180 | Zot:5    | Killed a dread lich
 75287 | Zot:5    | Got the Orb of Zot
 75340 | Zot:5    | Noticed Ovaitsey the pandemonium lord
 75817 | D:10     | Noticed Oneti the pandemonium lord
 75921 | D:5      | Reached XP level 27. HP: 249/249 MP: 21/21
 76055 | D:1      | yeet
 76057 | D:$      | Escaped with the Orb!

Illustrated notes ##..## #.<.###..### ##...# #..........# .#...# #..#......## .....# ####...#.## .P...####..###..## .....##.##...#P.P# .................# .................## ......####......@P# ......# #####..### .....#########...# #.....##....#....# #.....##....#...P# .....#...........## ............#.....# ...........#.....## ..........#.#...#.# Turn 26696 on Lair:5: sonja's gonna banish me

##.#######{####.#########
#...............#
#....§§§..♣.♣♣§####
#...###§§§♣♣..♣§§§#
#...##..♣♣.☼.⌠♣§♣§♣
#...##♣♣.♣°...§♣○♣♣# #######
#...#*,♣.⌠..8..§.♣.♣ #......
#####...#*,♣⌠.......⌠♣.♣###.#####
........#,♣♣..8.@.8......##.#
######..#♣♣.⌠.(.....⌠.♣♣..#.#
#.......#..♣.⌠..8§☼⌠♣♣.♣#.#.#
#.#####[##♣♣.♣⌠...§☼♣♣.##.#.# #
#.# #.##§.♣♣.⌠.⌠♣§♣.♣##.#.# # #.#
#.#..∩♣.♣.♣.♣♣§☼# #.#.##### #.#
#.#..##..♣♣.♣#§####.#.#...# #.#
###.#..##.##.###§.§§°...).... #.#
#......##.##.###○§###.#.#...#


Turn 76055 on D:1: yeet

Levels and vault maps discovered:
D:1:      heliophobic_arrival_enchanted_forest, layout_loops_ring, serial_shops,
          shop
D:2:      layout_rooms, shapermc_ecumenical_altar_petra, grunt_ministairs_10,
          uniq_terence
D:3:      layout_loops_ring, minmay_misc_feat_columns, dk_vineyard_3,
          dreamdust_mushroom_princess
D:4:      layout_loops_ring, nicolae_overflow_crystal_walls,
          chequers_temple_overflow_statue_of_worship,
          hellmonk_ghost_happy_afterlife, serial_bayou_pond_e, hex_medium,
          uniq_duvessa
D:5:      layout_loops_corners, minmay_temple_entry_trees
D:6:      minmay_thick_lines, layout_loops_ring,
          mainiacjoe_overflow_surrounded_room, gammafunk_ghost_split,
          kennysheep_doodads, uniq_jeremiah
D:7:      layout_cave_pools, serial_library, serial_library_hellmonk_metal_room,
          serial_library_regret_index_small_wings,
          serial_library_hellmonk_hallway_a, serial_library_hellmonk_hallway_a,
          serial_library_hellmonk_room_c, serial_library_hellmonk_open_square,
          serial_library_hellmonk_hallway_b,
          serial_library_hellmonk_small_corner, serial_shops, shop,
          hangedman_decor_points
D:8:      layout_basic, uniq_maurice
D:9:      layout_cave_pools
D:10:     layout_roguey, enter_bailey_6, serial_shops, nicolae_shop_statue_plus,
          chequers_avenue
D:11:     layout_basic, lair_entry_dummy, gammafunk_ghost_icy, uniq_amaemon
D:12:     layout_loops_corners, orc_0_dummy, ebering_ghost_funeral_grove,
          uniq_sonja, uniq_frances
D:13:     layout_big_octagon, lightli_vaults_fourway_checkpoint
D:14:     layout_basic, minmay_misc_feat_tower, serial_shops, shop,
          kennysheep_flooded_box, kennysheep_generic_room_5
D:15:     grunt_enter_depths_snipers, layout_rooms,
          minmay_misc_feat_more_columns, nicolae_ru_the_path_less_chosen
Temple:   minmay_crystal_spiral_temple
Lair:1:   layout_gridlike, gauntlet_entry_generic
Lair:2:   layout_regular_city, mainiacjoe_swamp_entry_angry_trees,
          minmay_snake_entry_guardpost_small, gammafunk_ghost_arena, uniq_erica,
          uniq_nergalle
Lair:3:   layout_roguey, serial_bayou_pond_b, nicolae_lair_grazing_beasts
          [nicolae_sub_lair_graze_edge, nicolae_sub_lair_graze_edge,
          nicolae_sub_lair_graze_edge, nicolae_sub_lair_graze_edge],
          grunt_megastairs_5, infiniplex_staircase_pool_2, uniq_fannar,
          uniq_gastronok
Lair:4:   layout_layer_cave, nicolae_slime_entry_field_trip,
          gammafunk_ghost_hydra_chop, beast_lair_carwin_1
Lair:5:   hellmonk_lair_end_abyssal_woods, layout_regular_city
Swamp:1:  layout_basic_swamp, portal_ice_cave_entry_horrid_things,
          gammafunk_ghost_wrathful_warriors, nicolae_swamp_treefoil, uniq_nikola
Swamp:2:  layout_basic_swamp, nicolae_swamp_godswood,
          nicolae_swamp_frolicking_bunyips
Swamp:3:  layout_basic_swamp, lemuel_altar_in_water, nicolae_swamp_tree_isthmus,
          uniq_kirke
Swamp:4:  swamp_old_school, layout_basic_swamp, swamp_pool_5
Snake:1:  layout_grid_shapes, serial_shops, nicolae_shop_dealshenge,
          nicolae_snake_serpentine_hallways
Snake:2:  layout_grid_maze, uniq_roxanne
Snake:3:  layout_grid_maze
Snake:4:  grunt_snake_rune_pools, layout_cave_town, serial_shops, statue_bzr,
          shop_coins, shop_fountains, nicolae_shop_trees, guppyfry_snake_island,
          serial_bayou_shore_b
Orc:1:    layout_caves, ebering_ghost_inner_flame, basic_altar, uniq_snorg,
          uniq_urug
Orc:2:    st_orc_town, layout_caves, serial_shops, nicolae_shop_back_alley_shop,
          guppyfry_library_mini
Elf:1:    eino_elf_arrival_customs, layout_rooms, minmay_elf_necromancy,
          minmay_shop_star
Elf:2:    nicolae_elf_blades_splatter_lattice [mumra_blade_entry_bloodbath],
          layout_loops_cross, serial_shops, nicolae_shop_window_shopping
Elf:3:    minmay_elf_hall_four_x, layout_geoelf_grid, serial_shops,
          bzr_entry_customers, special_room [special_room_orc], uniq_aizul
Vaults:1: dpeg_vaults_waves, nicolae_vaults_house_1, vaults_room_grid,
          vaults_room_grunt_arrival_ludios, ontoclasm_vaults_chip,
          layout_vaults_omnigrid, serial_shops, shop
Vaults:2: v_alt_pattern_5, grunt_vaults_focal, grunt_vaults_funnel,
          hangedman_vaults_pinch, st_hourglassy, vaults_mumra_chevron_long,
          hangedman_vaults_restitches, v_misc_14,
          nicolae_vaults_trapezoid_lopsided_4, nicolae_vaults_cochlea,
          ontoclasm_vaults_gateway, nicolae_vaults_storage_closets_2,
          grunt_vaults_hallway_long, layout_vaults_omnibox, serial_shops,
          nicolae_shop_tiny_real_fake_doors, shop, nicolae_shop_rolling_square,
          nicolae_shop_tiny_waterfront, nicolae_shop_gibbet_a_chance
Vaults:3: hangedman_vaults_unwind, vaults_room_pools, v_pattern_4,
          vaults_room_octagon, special_room_vaults [special_room_orc],
          nicolae_vaults_apartment_1, nicolae_vaults_lightning_bolt,
          nicolae_vaults_ellipses_ellipsis, minmay_crypt_entry_vampire_xt,
          v_misc_13, nicolae_vaults_closet_pinwheel_6,
          nicolae_vaults_trapezoid_lopsided_1,
          nicolae_vaults_doubleplus_tesselated, hangedman_vaults_trim,
          layout_vaults_ring
Vaults:4: nicolae_vaults_swerve, vaults_mumra_hexcomb,
          nicolae_vaults_little_squares_4, v_misc_23, v_misc_15,
          nicolae_vaults_storage_closets_1, nicolae_vaults_tangram_1,
          nicolae_vaults_triangles, ontoclasm_vaults_ligature,
          hangedman_vaults_slice, nicolae_vaults_border_crossing,
          nicolae_vaults_shock_wave, vaults_room_semicircle,
          layout_vaults_omnicross, uniq_sojobo
Vaults:5
Crypt:1:  minmay_guarded_unrand_majin_bo, layout_misc_corridors,
          nicolae_nh_vlads_tower, grunt_crypt_arrival_split
Crypt:2:  layout_misc_corridors
Crypt:3:  cryptofortress_bobbens
Depths:1: layout_gridlike, nicolae_vehumet_radiance, serial_shops, shop,
          abyss_entry, hell_entry, lightli_corner_chamber, serial_bayou_shore_b,
          grunt_megastairs_2, uniq_norris
Depths:2: evilmike_diamond_2, layout_gridville, enter_ziggurat_d, abyss_entry,
          hell_entry, grunt_pan_entry_zigzag, minmay_misc_feat_rugged,
          nicolae_ashenzari_skybound, minmay_shoptagon
Depths:3: grunt_twist_and_shout, layout_gridville, hell_entry, abyss_entry
Depths:4: grunt_zot_entry_funnels, layout_long_grid, serial_glass,
          glass_columns_b, glass_columns_b, glass_columns_a, glass_columns_a,
          glass_columns_b, glass_columns_c, grunt_mini_vestibule,
          gammafunk_ghost_necromancy, fedhas_altar_fruit_tree,
          serial_bayou_shore_b, uniq_xtahua
Zot:1:    dreamdust_black_sun_cult, layout_basic, st_stairs_10, nrook_zot_tub
Zot:2:    layout_gridlike, gammafunk_ghost_crypt
Zot:3:    layout_cellular_growth, regret_index_zotdec_under_construction,
          lemuel_elevator
Zot:4:    ebering_klown_carousel, layout_gridlike,
          regret_index_zotdec_twisting_globes
Zot:5:    layout_basic, grunt_ministairs_5, regret_index_zotdec_plus

Skill      XL: |  1  2  3  4  5  6  7  8  9 10 11 12 13 14 15 16 17 18 19 20 21 22 23 24 25 26 |
---------------+-------------------------------------------------------------------------------+-----
Long Blades    | 4 7 11 13 16 | 16.1
Fighting       | 2 3 4 6 8 10 12 13 14 15 16 19 20 21 23 | 23.5
Short Blades   | 1 3 4 5 7 9 17 | 17.3
Stealth        | 5 7 8 11 12 18 20 24 | 24.7
Shields        | 1 3 10 13 14 15 16 17 18 19 | 19.8
Dodging        | 4 6 8 9 11 12 13 15 18 19 20 21 22 23 25 | 25.2
Armour         | 1 3 4 5 7 8 9 11 12 13 14 16 17 | 17.7
Throwing       | |  1.5

Action                     |  1- 3 |  4- 6 |  7- 9 | 10-12 | 13-15 | 16-18 | 19-21 | 22-24 | 25-27 || total
---------------------------+-------+-------+-------+-------+-------+-------+-------+-------+-------++-------
  Melee: Long sword        |    74 |       |       |       |       |       |       |       |       ||    74
         Bite              |     7 |    14 |    28 |   169 |   322 |   440 |   439 |   443 |   235 ||  2097
         Short sword       |    11 |   133 |   260 |  1034 |  1552 |   134 |       |       |       ||  3124
         Rapier            |       |       |       |       |       |  1860 |    19 |       |       ||  1879
         Demon blade       |       |       |       |       |       |   493 |  2145 |  1750 |       ||  4388
         Quick blade       |       |       |       |       |       |       |   102 |   152 |    42 ||   296
         Double sword      |       |       |       |       |       |       |       |   254 |  1021 ||  1275
  Throw: Javelin           |     4 |       |     3 |     1 |       |       |     1 |       |       ||     9
         Stone             |     3 |       |       |       |       |       |       |       |       ||     3
         Throwing net      |     1 |     1 |     2 |     1 |       |       |       |       |       ||     5
         Dart              |       |     9 |    36 |    18 |     4 |       |       |       |     2 ||    69
         Boomerang         |       |       |     3 |    16 |       |       |       |       |       ||    19
 Invoke: Curse Item        |       |       |     2 |     3 |     2 |     1 |     1 |     1 |     2 ||    12
         Shatter the Chain |       |       |       |     1 |       |       |       |     1 |     1 ||     3
  Evoke: Wand              |       |       |     6 |    10 |     1 |    17 |     1 |       |     1 ||    36
         Box of beasts     |       |       |       |       |       |     1 |       |       |       ||     1
         Phantom mirror    |       |       |       |       |       |       |     1 |       |       ||     1
    Use: Potion            |       |     3 |     7 |    12 |     5 |     4 |     4 |    13 |    12 ||    60
         Scroll            |       |     2 |     8 |     7 |     2 |    26 |    10 |     9 |    10 ||    74
   Stab: Sleeping          |     1 |     5 |     9 |    23 |    40 |    71 |    60 |    88 |    32 ||   329
         Held in net/web   |       |       |     1 |       |       |       |       |       |       ||     1
         Invisible         |       |       |     1 |       |       |       |       |     2 |       ||     3
         Distracted        |       |       |       |     2 |     3 |    11 |    10 |    19 |     6 ||    51
         Petrified         |       |       |       |       |     9 |       |       |       |       ||     9
         Petrifying        |       |       |       |       |     2 |       |       |       |       ||     2
         Confused          |       |       |       |       |       |     1 |       |       |       ||     1
         Paralysed         |       |       |       |       |       |       |     2 |       |       ||     2
 Armour: Ring mail         |    41 |    43 |   105 |   223 |       |       |       |       |       ||   412
         Leather armour    |     2 |       |       |       |       |       |       |       |       ||     2
         Skin              |       |       |       |    15 |       |       |       |       |       ||    15
         Steam dragon scal |       |       |       |    66 |   332 |   468 |   358 |   269 |    52 ||  1545
         Quicksilver drago |       |       |       |       |       |       |       |       |   166 ||   166
  Dodge: Dodged            |    47 |    38 |    64 |   436 |   661 |  1045 |  1026 |   879 |   503 ||  4699
  Block: Kite shield       |       |    25 |   117 |   652 |  1042 |  1029 |       |       |       ||  2865
         Tower shield      |       |       |       |       |       |  1260 |  2971 |  2610 |  1414 ||  8255

Table legend: (Time is in decaauts)
 A = Elapsed time spent in this place.
 B = Non-inter-level travel time spent in this place.
 C = Inter-level travel time spent in this place.
 D = Time resting spent in this place.
 E = Time spent auto-exploring this place.
 F = Levels seen in this place.
 G = Mean time per level.
                   A        B        C        D        E       F      G
               +--------+--------+--------+--------+--------+-----+--------+
         Total |  73305 |  65655 |   7650 |  10356 |  25540 |  56 | 1309.0 |
       Dungeon |  22133 |  18086 |   4047 |   3151 |   5830 |  15 | 1475.5 |
        Temple |    108 |      2 |    106 |      0 |      0 |   1 |  108.0 |
          Lair |   9556 |   8563 |    993 |   2346 |   2917 |   5 | 1911.2 |
         Swamp |   3158 |   2961 |    197 |     85 |   1524 |   4 |  789.5 |
     Snake Pit |   5425 |   5081 |    344 |    798 |   2226 |   4 | 1356.2 |
  Orcish Mines |   1646 |   1483 |    163 |     79 |    826 |   2 |  823.0 |
   Elven Halls |   5185 |   4840 |    345 |   1013 |   1425 |   3 | 1728.3 |
        Vaults |   9483 |   8602 |    881 |    873 |   4021 |   5 | 1896.6 |
         Crypt |   3362 |   3181 |    181 |    490 |   1070 |   3 | 1120.7 |
        Depths |   3971 |   3815 |    156 |    114 |   2075 |   4 |  992.8 |
           Zot |   6091 |   5860 |    231 |    886 |   2853 |   5 | 1218.2 |
        Bazaar |    134 |    134 |      0 |      0 |     33 |   2 |   67.0 |
        Bailey |   1190 |   1190 |      0 |    124 |    224 |   1 | 1190.0 |
      Ice Cave |   1198 |   1198 |      0 |    275 |    304 |   1 | 1198.0 |
      Gauntlet |    660 |    660 |      0 |    119 |    209 |   1 |  660.0 |
               +--------+--------+--------+--------+--------+-----+--------+

Top non-repeatable levels by time:
  Lair:2: 2704 daAuts
Vaults:5: 2554 daAuts
  Lair:3: 2487 daAuts
Vaults:1: 2255 daAuts
 Snake:4: 2165 daAuts
    D:12: 2127 daAuts
     D:5: 2074 daAuts
   Elf:2: 1957 daAuts
   Elf:3: 1918 daAuts
     D:6: 1815 daAuts
   Zot:5: 1749 daAuts
  Lair:5: 1748 daAuts
     D:9: 1726 daAuts
Vaults:4: 1713 daAuts
Vaults:3: 1675 daAuts
